AoeStats
← comiy

African Clearing

506370720Analyzed
4v4 RM · 20d ago on Sep 13, 2026· 33m 48s· 8 players
Game mode
Random Map
Map size
Large (8 player)
Population
200
Speed
Normal
Resources
Standard
Victory
Conquest
Starting age
Dark Age
Ending age
Imperial Age
RankedLock teamsTeams togetherTeam positionsShared explorationLock speedFull tech treeHidden civsTurbo modeCheats
Victory
Defeat
🇸🇪 Berbers · Sweden
1391
+9
🇩🇪 Hindustanis · Germany
1257
+13
🇨🇿 Mongols · Czechia
1222
+15
🇸🇪 Britons · Sweden
1140
+18
🇯🇵 Sicilians · Japan
1272
-17
🇦🇷 Cumans · Argentina
1189
-13
🇦🇷 Mapuche · Argentina
1173
-13
🇹🇷 Italians · Türkiye
1171
-12
DrdlisCZ
5:09 Loom
11:53 Feudal Age
17:44 Castle Age
16:10 Double-Bit Axe
16:32 Horse Collar
18:34 Fletching
19:53 Bow Saw
22:39 Gold Mining
26:04 Bodkin Arrow
27:02 Husbandry
28:29 Wheelbarrow
28:49 Ballistics
28:40 Bloodlines
32:11 Hand Cart
Superhoops
13:50 Feudal Age
17:54 Castle Age
15:52 Horse Collar
16:22 Double-Bit Axe
18:08 Wheelbarrow
23:26 Crossbowman
27:03 Heavy Plow
27:17 Bow Saw
28:34 Ballistics
29:26 Fletching
29:38 Padded Archer Armor
31:22 Bodkin Arrow
31:46 Leather Archer Armor
32:30 Hand Cart
Ace
10:48 Loom
13:13 Feudal Age
17:48 Castle Age
16:01 Double-Bit Axe
21:12 Bow Saw
23:27 Wheelbarrow
23:27 Gold Mining
25:42 Bloodlines
31:36 Horse Collar
32:21 Scale Mail Armor
KalasKula
11:08 Loom
12:59 Feudal Age
12:53 Loom
16:45 Castle Age
15:04 Double-Bit Axe
15:43 Horse Collar
17:47 Fletching
22:33 Wheelbarrow
22:33 Bodkin Arrow
26:18 Padded Archer Armor
28:05 Ballistics
makeinu
9:08 Loom
13:21 Feudal Age
17:39 Castle Age
18:33 Double-Bit Axe
18:31 Horse Collar
19:58 Bow Saw
22:57 Wheelbarrow
25:27 Gold Mining
26:56 Fletching
27:01 Crossbowman
27:48 Bodkin Arrow
29:14 Padded Archer Armor
29:58 Hand Cart
34:34 Leather Archer Armor
Funeato
4:33 Loom
13:29 Feudal Age
13:54 Double-Bit Axe
21:46 Horse Collar
24:17 Castle Age
23:28 Fletching
24:43 Crossbowman
26:07 Padded Archer Armor
27:26 Leather Archer Armor
29:16 Bodkin Arrow
32:06 Thumb Ring
El Rey de los Mancos
5:59 Loom
12:54 Feudal Age
17:38 Castle Age
16:34 Double-Bit Axe
16:30 Horse Collar
18:01 Fletching
20:43 Padded Archer Armor
23:16 Bodkin Arrow
28:02 Ballistics
33:50 Leather Archer Armor
comiy
5:31 Loom
5:37 Loom
13:29 Feudal Age
23:39 Castle Age
24:29 Thumb Ring
29:27 Crossbowman
Connection lost

Rejoining the realm…

Still unreachable

The connection could not be restored.

Session expired

The server has moved on; the page needs a fresh start.